 Dungeon Crawl Stone Soup version 0.26-a0-858-gbf766624f9 (webtiles) character file.

Game seed: 10887971513142667562

12313 Cheivey the Basher (level 11, -7/97 HPs)
             Began as a Minotaur Fighter on Nov 24, 2020.
             Was an Elder of the Shining One.
             Mangled by Snorg (8 damage)
             ... on level 14 of the Dungeon.
             The game lasted 00:20:23 (9364 turns).

Cheivey the Basher (Minotaur Fighter)               Turns: 9364, Time: 00:20:23

Health: -7/97      AC: 16    Str: 36    XL:     11   Next: 60%
Magic:  14/15      EV:  8    Int:  5    God:    the Shining One [****..]
Gold:   1283       SH: 18    Dex: 10    Spells: 10/10 levels left

rFire    . . .     SeeInvis .   B - +3 morningstar
rCold    . . .     Faith    .   c - +0 kite shield
rNeg     + + .     Spirit   .   D - +0 plate armour
rPois    .         Reflect  +   (helmet restricted)
rElec    .         Harm     .   x - scarf {repulsion}
rCorr    .         Rampage  .   u - +1 pair of gloves
MR       .....                  (no boots)
Stlth    ..........             g - amulet of reflection
HPRegen  0.26/turn              e - +6 ring of strength
MPRegen  0.14/turn              m - +6 ring of strength

@: glowing, studying Maces & Flails, repel missiles
A: retaliatory headbutt, horns 2
a: Divine Shield, Cleansing Flame, Renounce Religion


You were on level 14 of the Dungeon.
You worshipped the Shining One.
The Shining One was greatly pleased with you.
You visited 1 branch of the dungeon, and saw 12 of its levels.

You collected 1439 gold pieces.
You spent 156 gold pieces at shops.

Inventory:

Hand Weapons
 B - a +3 morningstar (weapon)
Armour
 c - a +0 kite shield (worn)
 u - a +1 pair of gloves (worn)
 x - a scarf of repulsion (worn)
 D - a +0 plate armour (worn)
Jewellery
 a - an uncursed ring of wizardry
 e - a +6 ring of strength (left hand)
 f - a +6 ring of intelligence
 g - an amulet of reflection (around neck)
 l - an uncursed ring of protection from fire {unknown}
 m - a +6 ring of strength (right hand)
 n - an uncursed ring of flight
 p - an uncursed ring of positive energy
 K - an uncursed amulet of regeneration
Wands
 b - a wand of paralysis (10)
 d - a wand of flame (8)
 v - a wand of iceblast (7)
 I - a wand of disintegration (7)
 M - a wand of enslavement (3)
 N - a wand of polymorph (5)
 O - a wand of acid (8)
Scrolls
 h - 5 scrolls of magic mapping
 i - 3 scrolls of teleportation
 j - 2 scrolls of remove curse
 q - 2 scrolls of fear
 t - a scroll of random uselessness
 y - 2 scrolls of amnesia
 z - 2 scrolls of noise
Potions
 k - 2 potions of attraction
 r - 2 potions of curing
 s - a potion of degeneration
 w - 2 potions of magic
 A - 3 potions of brilliance
 F - a potion of heal wounds
 H - a potion of haste
 L - 2 potions of might
Books
 P - a manual of Maces & Flails
Miscellaneous
 J - a tin of tremorstones (2/2)


   Skills:
 + Level 9.1 Fighting
 - Level 4.7(10.3) Axes
 + Level 13.8(14.1) Maces & Flails
 + Level 8.9 Armour
 - Level 3.0 Dodging
 - Level 0.1 Stealth
 + Level 10.2 Shields
 * Level 6.6 Invocations


You had 10 spell levels left.
You didn't know any spells.
Your spell library contained the following spells:

 Spells                   Type           Power        Failure   Level
 Corona                   Hex            #......      99%         1
 Sandblast                Erth           #.....       99%         1
 Ensorcelled Hibernation  Hex/Ice        #.....       100%        2
 Passwall                 Tmut/Erth      #.......     100%        2
 Confusing Touch          Hex            #.......     100%        3
 Dazzling Flash           Conj/Hex       #.....       100%        3
 Stone Arrow              Conj/Erth      #.....       100%        3
 Tukima's Dance           Hex            #.......     100%        3
 Petrify                  Tmut/Erth      #.......     100%        4
 Lee's Rapid Deconstruct  Erth           #.........   100%        5


Dungeon Overview and Level Annotations

Branches:
Dungeon (11/15)            Temple (0/1) D:6            Lair (0/6) D:10
    Orc (0/2) D:9

Altars:
Ashenzari
Cheibriados
Elyvilon
Fedhas
Kikubaaqudgha
Qazlal
Sif Muna
Trog
Vehumet
Wu Jian
Yredelemnul
The Shining One

Shops:
D:7 *   D:8 *

Annotations:
D:14 Snorg


Innate Abilities, Weirdness & Mutations

You reflexively headbutt those who attack you in melee.
You have a pair of horns on your head.


Message History

You impale the deep elf mage!!
You kill the deep elf mage!
The earth elemental disappears in a puff of smoke! x2
You block Snorg's attack. Snorg claws you.
* * * LOW HITPOINT WARNING * * *
You block Snorg's attack. You block the worker ant's attack.
Things that are here:
a +0 rapier; an elf corpse Unknown command.
You hit the worker ant. You headbutt the worker ant!
The worker ant is severely wounded.
You block the worker ant's attack.
Snorg goes berserk!
You barely miss the worker ant. You headbutt the worker ant.
You kill the worker ant!
You block Snorg's attack. x3
Snorg bites you!
* * * LOW HITPOINT WARNING * * *
Snorg claws you!
You die...

#.. #.#
#.# ...
#.# #
#.##.##.#
#.......[
#@# ...
#T##.....
#......#
#.....###
#...###
#.### #.
#. ##


You could see Snorg (berserk).

Vanquished Creatures
  A centaur warrior (D:14)
  2 two-headed ogres
  An unseen horror (D:10)
  Pikel (D:7)
  An ugly thing (D:11)
  An orc knight (D:14)
  A deep elf mage (D:14)
  2 trolls (D:9)
  Prince Ribbit (D:7)
  Sigmund (D:4)
  11 humans (D:14)
  2 yaks (D:10)
  A soldier ant (D:10)
  A water moccasin (D:10)
  2 ice beasts
  6 black bears
  3 phantoms
  4 orc warriors
  An eye of draining (D:9)
  6 ogres
  5 centaurs
  A big kobold (D:10)
  Blork the orc (D:6)
  5 bullfrogs
  8 scorpions
  2 wyvern skeletons
  9 wights
  5 killer bees (D:8)
  6 howler monkeys
  A bullfrog zombie (D:7)
  3 hounds
  5 jellies
  9 orc priests
  7 orc wizards
  A bullfrog skeleton (D:9)
  A centaur skeleton (D:10)
  Ijyb (D:3)
  2 iguanas
  10 worker ants
  A mummy (D:6)
  9 adders
  4 gnolls (D:4)
  2 oozes
  2 adder skeletons
  A worm (D:6)
  2 dart slugs
  A leopard gecko (D:4)
  33 orcs
  A ball python (D:2)
  4 bats
  3 giant cockroaches
  9 goblins
  2 hobgoblins
  6 jackals
  6 kobolds
  5 quokkas
  6 frilled lizards
  A jackal skeleton (D:4)
  A quokka skeleton (D:6)
  9 rats
239 creatures vanquished.

Vanquished Creatures (others)
  36 fungi (D:10)
  37 plants (D:10)
73 creatures vanquished.

Grand Total: 312 creatures vanquished

Notes
Turn   | Place    | Note
-------+----------+-------------------------------------------
     0 | D:1      | Cheivey the Minotaur Fighter began the quest for the Orb.
     0 | D:1      | Reached XP level 1. HP: 19/19 MP: 0/0
   326 | D:1      | Reached XP level 2. HP: 27/27 MP: 1/1
   629 | D:2      | Found an ornate altar of the Wu Jian Council.
   796 | D:2      | Reached XP level 3. HP: 33/33 MP: 2/2
  1394 | D:3      | Found a radiant altar of Vehumet.
  1395 | D:3      | Noticed Ijyb
  1407 | D:3      | Killed Ijyb
  1408 | D:3      | Reached XP level 4. HP: 15/40 MP: 3/3
  1648 | D:3      | Reached XP level 5. HP: 26/46 MP: 4/4
  1794 | D:3      | Found a glowing golden altar of the Shining One.
  1817 | D:3      | Became a worshipper of the Shining One
  2069 | D:3      | Reached skill level 1 in Dodging
  2363 | D:3      | Found a blossoming altar of Fedhas.
  2499 | D:3      | Noticed a black bear
  2504 | D:3      | Killed a black bear
  2505 | D:3      | Reached skill level 1 in Maces & Flails
  2505 | D:3      | Reached skill level 5 in Armour
  2505 | D:3      | Reached skill level 5 in Shields
  2505 | D:3      | Reached XP level 6. HP: 38/53 MP: 5/5
  3136 | D:4      | Noticed Sigmund
  3160 | D:4      | Killed Sigmund
  3161 | D:4      | Reached skill level 2 in Maces & Flails
  3161 | D:4      | Reached XP level 7. HP: 20/60 MP: 6/6
  3163 | D:4      | Reached skill level 5 in Fighting
  3584 | D:4      | Reached skill level 3 in Maces & Flails
  3694 | D:4      | Found a white marble altar of Elyvilon.
  3744 | D:4      | Reached * piety under the Shining One
  3745 | D:4      | Reached skill level 4 in Maces & Flails
  3926 | D:4      | Found a stormy altar of Qazlal.
  3947 | D:4      | Reached skill level 5 in Maces & Flails
  3947 | D:4      | Reached XP level 8. HP: 68/68 MP: 7/7
  4260 | D:5      | Entered Level 5 of the Dungeon
  4379 | D:5      | Found a broken altar of Ashenzari.
  4443 | D:5      | Found a stormy altar of Qazlal.
  4519 | D:5      | Reached skill level 6 in Maces & Flails
  5100 | D:6      | Reached skill level 7 in Maces & Flails
  5212 | D:6      | Noticed Blork the orc
  5232 | D:6      | Killed Blork the orc
  5295 | D:6      | Found an ancient bone altar of Kikubaaqudgha.
  5319 | D:6      | Found a staircase to the Ecumenical Temple.
  5486 | D:6      | Found a snail-covered altar of Cheibriados.
  5554 | D:6      | Found a shimmering blue altar of Sif Muna.
  5623 | D:6      | Reached skill level 8 in Maces & Flails
  5623 | D:6      | Reached XP level 9. HP: 75/75 MP: 8/8
  5793 | D:7      | Reached skill level 1 in Invocations
  5944 | D:7      | Noticed Pikel
  5956 | D:7      | Killed Pikel
  5957 | D:7      | Reached skill level 9 in Maces & Flails
  6009 | D:7      | Found Likkanimn's Assorted Antiques.
  6017 | D:7      | Bought 2 glowing emerald potions for 50 gold pieces
  6017 | D:7      | Bought a scroll labelled WEOXINOELO for 28 gold pieces
  6017 | D:7      | Bought a scroll labelled BOXTYA UNEOLIB for 28 gold pieces
  6017 | D:7      | Bought a fizzy purple potion for 25 gold pieces
  6019 | D:7      | Bought a grey potion for 25 gold pieces
  6361 | D:7      | Noticed Prince Ribbit
  6369 | D:7      | Killed Prince Ribbit
  6374 | D:7      | Reached ** piety under the Shining One
  6495 | D:7      | Acquired a scarf of repulsion
  6864 | D:8      | Found Voziq's Assorted Antiques.
  7113 | D:8      | Reached skill level 10 in Maces & Flails
  7415 | D:9      | Noticed a troll
  7420 | D:9      | Killed a troll
  7421 | D:9      | Reached XP level 10. HP: 75/86 MP: 11/11
  7576 | D:9      | Found a staircase to the Orcish Mines.
  7749 | D:9      | Found a bloodstained altar of Trog.
  7880 | D:9      | Found a basalt altar of Yredelemnul.
  8030 | D:10     | Entered Level 10 of the Dungeon
  8043 | D:10     | Noticed a two-headed ogre
  8052 | D:10     | Killed a two-headed ogre
  8053 | D:10     | Reached skill level 11 in Maces & Flails
  8059 | D:10     | Reached skill level 5 in Invocations
  8069 | D:10     | Reached *** piety under the Shining One
  8127 | D:10     | Noticed an unseen horror
  8158 | D:10     | Killed an unseen horror
  8168 | D:10     | Found a staircase to the Lair.
  8170 | D:10     | Reached XP level 11. HP: 73/95 MP: 14/14
  8184 | D:10     | Reached skill level 12 in Maces & Flails
  8824 | D:10     | Acquired a manual of Maces & Flails
  8826 | D:10     | Acquired 649 gold pieces
  8864 | D:11     | Noticed a cyan ugly thing
  8880 | D:11     | Killed a cyan ugly thing
  9204 | D:11     | You fall into a shaft and drop 3 floors!
  9204 | D:14     | Noticed a centaur warrior
  9212 | D:14     | Killed a centaur warrior
  9255 | D:14     | Noticed an orc knight
  9278 | D:14     | Killed an orc knight
  9286 | D:14     | Reached skill level 13 in Maces & Flails
  9303 | D:14     | Noticed a two-headed ogre
  9315 | D:14     | Killed a two-headed ogre
  9316 | D:14     | Reached skill level 10 in Shields
  9321 | D:14     | Reached **** piety under the Shining One
  9356 | D:14     | Noticed a deep elf mage
  9357 | D:14     | Noticed Snorg
  9360 | D:14     | Killed a deep elf mage
  9364 | D:14     | HP: 1/97 [Snorg (14)]
  9364 | D:14     | Mangled by Snorg

Illustrated notes

Levels and vault maps discovered:
D:1:      erik_arrival_cave_to_civilisation [erik_arrival_cave_to_temple],
          layout_basic
D:2:      layout_loops_ring, old_standard_altar
D:3:      layout_loops_cross, general_overflow_altar, lemuel_doored_altar,
          tso_metal_star, grunt_decor_mini_mirrors, uniq_ijyb
D:4:      layout_cave_pools, lemuel_crystal_altar, lemuel_round_altar,
          uniq_sigmund
D:5:      layout_loops_ring, lemuel_crystal_altar, okawaru_altar_gauntlet_db,
          nicolae_qazlal_eye_of_the_storm
D:6:      layout_basic, kennysheep_mini_moat, slow_altar_2, led_sif_pool,
          minmay_temple_entry_statues_fountains, serial_glass, glass_columns_c,
          glass_columns_a, minmay_crossroads, uniq_blork_the_orc
D:7:      layout_basic, serial_shops, nicolae_shop_statue_plus,
          uniq_prince_ribbit1, uniq_pikel
D:8:      layout_rooms, serial_curves, eino_curves_02, eino_curves_04,
          eino_curves_01, serial_shops, nicolae_shop_overgrown_old_shop
D:9:      layout_cave_pools, grunt_temple_overflow_champion_of_chaos,
          lemuel_round_altar, kennysheep_mini, orc_0_dummy, minmay_hedge_maze,
          st_stairs_13, minmay_orc_keep
D:10:     layout_rooms, due_lair_maze_entry_diamond, grunt_ministairs_1
D:11:     due_megacathedral, layout_rooms, serial_bayou_pond_c
D:14:     minmay_diamond_stairs, layout_loops_cross, david_vaults_3,
          uniq_nessos, uniq_snorg

Skill      XL: |  1  2  3  4  5  6  7  8  9 10 11 |
---------------+----------------------------------+-----
Armour         | 4 5 6 7 8 |  8.9
Fighting       | 4 5 6 7 8 9 |  9.1
Shields        | 4 5 6 7 9 10 | 10.2
Axes           | 3 4 |  4.7
Dodging        | 1 2 3 |  3.0
Maces & Flails | 1 2 5 8 10 11 13 | 13.8
Invocations    | 3 5 6 |  6.6
Stealth        | |  0.1

Action                   |  1- 3 |  4- 6 |  7- 9 | 10-12 || total
-------------------------+-------+-------+-------+-------++-------
Melee: War axe           |    80 |    35 |       |       ||   115
       Headbutt          |     9 |    18 |    50 |    48 ||   125
       Morningstar       |       |    43 |   199 |   232 ||   474
  Use: Potion            |     1 |     2 |     4 |     2 ||     9
       Scroll            |       |     3 |    12 |    10 ||    25
Armor: Scale mail        |    39 |    21 |    58 |       ||   118
       Plate armour      |       |       |     1 |    82 ||    83
Dodge: Dodged            |    17 |    26 |    66 |    45 ||   154
       Repelled          |       |       |       |     1 ||     1
Block: Kite shield       |    45 |    45 |   116 |   213 ||   419
       Reflection        |       |       |       |     7 ||     7

Table legend: (Time is in decaauts)
 A = Elapsed time spent in this place.
 B = Non-inter-level travel time spent in this place.
 C = Inter-level travel time spent in this place.
 D = Time resting spent in this place.
 E = Time spent auto-exploring this place.
 F = Levels seen in this place.
 G = Mean time per level.
                   A        B        C        D        E       F      G
               +--------+--------+--------+--------+--------+-----+--------+
         Total |   9444 |   9183 |    261 |   1581 |   6057 |  12 |  787.0 |
       Dungeon |   9444 |   9183 |    261 |   1581 |   6057 |  12 |  787.0 |
               +--------+--------+--------+--------+--------+-----+--------+

Top non-repeatable levels by time:
     D:3: 1722 daAuts
     D:4: 1195 daAuts
     D:7: 994 daAuts
     D:5: 833 daAuts
     D:2: 825 daAuts
    D:10: 817 daAuts
     D:9: 720 daAuts
     D:6: 704 daAuts
     D:1: 598 daAuts
     D:8: 534 daAuts
    D:11: 349 daAuts
    D:14: 149 daAuts
